 Dungeon Crawl Stone Soup version 0.21-a0-450-gd87a9b2 (webtiles) character file.

81 CanOfBees the Skirmisher (level 4, -1/30 HPs)
             Began as a Gargoyle Fighter on Nov 19, 2017.
             Slain by a black bear (4 damage)
             ... on level 2 of the Dungeon.
             The game lasted 00:03:15 (1266 turns).

CanOfBees the Skirmisher (Gargoyle Fighter)         Turns: 1266, Time: 00:03:16

Health: -1/30      AC: 15    Str: 21    XL:     4   Next: 42%
Magic:  4/4        EV:  3    Int:  8    God:
Gold:   75         SH:  9    Dex:  9    Spells: 3/3 levels left

rFire    . . .     SeeInvis .   a - +0 flail
rCold    . . .     Gourm    .   c - +0 shield
rNeg     + . .     Faith    .   h - +0 plate armour
rPois    ∞         Spirit   .   (no helmet)
rElec    +         Reflect  .   (no cloak)
rCorr    .         Harm     .   (no gloves)
MR       .....                  (no boots)
Stlth    ..........             (no amulet)
HPRegen  0.10/turn              (no ring)
MPRegen  0.09/turn              (no ring)

@: no status effects
A: negative energy resistance 1, electricity resistance, unbreathing,
petrification resistance, rot immunity, AC +3
a: no special abilities


You were on level 2 of the Dungeon.
You were not hungry.

You visited 1 branch of the dungeon, and saw 2 of its levels.

You collected 75 gold pieces.

Inventory:

Hand Weapons
 a - a +0 flail (weapon)
Armour
 c - a +0 shield (worn)
 h - a +0 plate armour (worn)
Scrolls
 g - a scroll of blinking {unknown}
 i - a scroll of remove curse {unknown}
 j - a scroll of fear {unknown}
 l - 2 scrolls of noise {unknown}
 m - a scroll of teleportation {unknown}
 n - 2 scrolls of fog {unknown}
Potions
 d - 2 potions of might
Comestibles
 b - a meat ration
 f - 2 bread rations
 k - 3 chunks of flesh


   Skills:
 * Level 4.3 Fighting
 * Level 3.2 Maces & Flails
 - Level 3.2 Armour
 + Level 3.8 Shields


You had 3 spell levels left.
You didn't know any spells.

Dungeon Overview and Level Annotations

Branches:
Dungeon (2/15)

Altars:


Innate Abilities, Weirdness & Mutations

You are resistant to torment.
Your stone body is resilient. (AC +3)
You are immune to poison.
You resist negative energy. (rN+)
You are resistant to electric shocks. (rElec)
You can survive without breathing.
You are immune to petrification.
You are immune to rotting.


Message History

The black bear is severely wounded.
The black bear barely misses you.
The black bear claws you but does no damage. x2
You closely miss the black bear.
The black bear is severely wounded.
The black bear goes berserk!
You block the black bear's attack.
The black bear claws you but does no damage. x2
You closely miss the black bear.
The black bear is severely wounded.
You block the black bear's attack. The black bear claws you. x2
The black bear bites you but does no damage.
The black bear claws you. You block the black bear's attack.
Your plate armour prevents you from hitting the black bear.
The black bear is severely wounded.
The black bear bites you! The black bear claws you.
The black bear claws you but does no damage.
The black bear bites you!
* * * LOW HITPOINT WARNING * * *
The black bear claws you.
You die...

######### .. #.......#
#.######.#####.# .. ##....>.#.#
#.# .# # .........<# #.# .#
.###############.### #.#
.##........$h@......# #.## ....
#######..###..# #####...
##..######## #..# #..# #.......
##..........# #..###.## #.###...
..).........# #<.....####+####.#
##...#####..# ##.##.###.......#.#
##...# ###..###...#.###.......#.#
##...###.....##.......#..(....#.#
......##.#...##...#.#)+...♣...'.#


You could see a black bear (berserk).

Vanquished Creatures
  4 adders (D:2)
  An ooze (D:1)
  2 dart slugs (D:1)
  8 bats
  A giant cockroach (D:1)
  6 hobgoblins
  A quokka (D:2)
  A ball python (D:2)
  2 frilled lizards
  5 goblins
  5 kobolds
  4 rats (D:1)
40 creatures vanquished.

Notes
Turn   | Place    | Note
-------+----------+-------------------------------------------
     0 | D:1      | CanOfBees the Gargoyle Fighter began the quest for the Orb.
     0 | D:1      | Reached XP level 1. HP: 14/14 MP: 1/1
    92 | D:1      | Reached XP level 2. HP: 19/19 MP: 2/2
   476 | D:1      | Reached XP level 3. HP: 24/24 MP: 3/3
   806 | D:2      | Reached skill level 4 in Fighting
  1047 | D:2      | Reached XP level 4. HP: 29/29 MP: 4/4
  1250 | D:2      | Noticed a black bear
  1266 | D:2      | Slain by a black bear

Vault maps used:
D:1:      ncdulo_halloftheorcs
D:2:      first_bread, kennysheep_generic_room_9

Skill      XL: |  1  2  3 |
---------------+----------+-----
Fighting       | 4 |  4.3
Maces & Flails | 3 |  3.2
Armour         | |  3.2
Shields        | |  3.8

Action                   |  1- 3 |  4- 6 || total
-------------------------+-------+-------++-------
Melee: Flail             |   185 |    59 ||   244
  Use: Potion            |       |     1 ||     1
  Eat: Chunk             |     1 |     1 ||     2
Armor: Scale mail        |    51 |       ||    51
       Plate armour      |   134 |    55 ||   189
Dodge: Dodged            |    55 |    10 ||    65
Block: Shield            |   120 |    44 ||   164

Table legend:
 A = Spawn XP
 B = Non-spawn XP
 C = Spawn XP percentage of total XP
 D = Spawn monster count
 E = Non-spawn monster count
 F = Spawn count percentage of total count
 G = Total turns spent on level
                    A         B        C        D         E        F      G
               +---------+---------+-------+---------+---------+-------+---------
         Total |       0 |     117 |   0.0 |       0 |      40 |   0.0 |  1266
               +---------+---------+-------+---------+---------+-------+---------
           D:1 |       0 |      45 |   0.0 |       0 |      23 |   0.0 |   745
           D:2 |       0 |      72 |   0.0 |       0 |      17 |   0.0 |   521
               +---------+---------+-------+---------+---------+-------+---------
